 Dungeon Crawl Stone Soup version 0.28-a0-1143-gcf6077d4cc (webtiles) character file.

Game seed: 16359662733841157533

672 leviel the Skirmisher (level 7, 0/55 (63) HPs)
             Began as a Hill Orc Fighter on Dec 14, 2021.
             Slain by a wight (14 damage)
             ... on level 4 of the Dungeon.
             The game lasted 00:03:42 (4224 turns).

leviel the Skirmisher (Hill Orc Fighter)            Turns: 4224, Time: 00:03:43

HP:   0/55 (63)     AC:  7    Str: 21    XL:     7   Next: 59%
MP:   7/7           EV:  9    Int:  8    God:
Gold: 191           SH:  5    Dex: 10    Spells: 6/6 levels left

rFire   . . .      SeeInvis .   a - +1 war axe (vorpal)
rCold   . . .      Faith    .   c - +0 buckler
rNeg    . . .      Spirit   .   b - +0 scale mail
rPois   .          Reflect  .   (no helmet)
rElec   .          Harm     .   (no cloak)
rCorr   .          Rampage  .   (no gloves)
Will    .....                   (no boots)
Stlth   ..........              (no amulet)
HPRegen 0.18/turn               (no ring)
MPRegen 0.10/turn               (no ring)

@: heavily drained
A: no striking features
a: no special abilities


You were on level 4 of the Dungeon.
You visited 1 branch of the dungeon, and saw 5 of its levels.

You collected 191 gold pieces.

Inventory:

Hand Weapons
 a - a +1 vorpal war axe (weapon)
Armour
 b - a +0 scale mail (worn)
 c - a +0 buckler (worn)
Wands
 i - a wand of flame (15)
Scrolls
 f - a scroll of blinking {unknown}
Potions
 d - a potion of might
 e - 2 potions of heal wounds
 j - a potion of curing
 m - a potion of lignification {unknown}


   Skills:
 + Level 6.0 Fighting
 + Level 5.8 Axes
 + Level 5.5 Armour
 + Level 5.4 Shields


You had 6 spell levels left.
You didn't know any spells.
Your spell library contained the following spells:

 Spells                   Type           Power      Damage    Failure   Level
 Corpse Rot               Necr/Air       0%         N/A       86%         2
 Poisonous Vapours        Pois/Air       0%         N/A       86%         2
 Borgnjor's Revivificati  Necr           0%         N/A       100%        8
 Necromutation            Tmut/Necr      0%         N/A       100%        8
 Death's Door             Necr           0%         N/A       100%        9


Dungeon Overview and Level Annotations

Branches:
Dungeon (5/15)
 Temple: D:4-7

Altars:
Kikubaaqudgha

Shops:
D:3 :[(   D:4 (

Annotations:
D:3 1 runed translucent door, Crazy Yiuf


Message History

No target in view!
No target in view!
No target in view!
You start resting.
HP restored.
You climb downwards.
The wight hits you from afar with a +0 trident.
You feel drained. You block the wight's attack.
There is a stone staircase leading up here.
The wight barely misses you. x2
You climb upwards.
There is a stone staircase leading down here.
You barely miss the wight.
The wight is lightly damaged.
The wight hits you with a +4 dire flail!
You are too injured to fight recklessly!
You are too injured to fight recklessly!
You are too injured to fight recklessly!
You are too injured to fight recklessly!
You are too injured to fight recklessly!
You are too injured to fight recklessly!
You are too injured to fight recklessly!
You are too injured to fight recklessly!
You are too injured to fight recklessly!
You slash the wight!
The wight is severely damaged.
The wight hits you with a +4 dire flail!
You feel drained.
You barely miss the wight.
The wight is severely damaged.
The wight hits you with a +4 dire flail.
You feel drained.
The wight hits you with a +4 dire flail!
* * * LOW HITPOINT WARNING * * *
You feel drained.
* * * LOW HITPOINT WARNING * * *
You closely miss the wight.
The wight is severely damaged.
The wight hits you with a +4 dire flail!
You die...

##................#
#.................#
#.................## #
##..................#####
#.................†......
#.........[...........###
#................<..###
##.................## #
#......@[........## #
#......z.......#### #
##............8<..######
##..)...................
#....#......<..|........
#...##..................
##..#......∩....#########
#...............#
##...#...>......##


You could see a wight.

Vanquished Creatures
  An ice beast (D:3)
  An ogre (D:5)
  A phantom (D:2)
  2 water moccasin skeletons (D:4)
  A wight (D:4)
  A hound (D:5)
  An orc priest (D:3)
  Natasha (thrice) (D:4)
  An iguana (D:5)
  Robin (D:3)
  2 adders
  4 worms
  A dart slug (D:2)
  6 orcs
  5 bats
  5 endoplasms
  3 giant cockroaches
  9 goblins
  9 hobgoblins
  5 jackals
  12 kobolds
  3 quokkas
  2 ball pythons
  3 frilled lizards
  4 rats
86 creatures vanquished.

Vanquished Creatures (others)
  8 plants (D:3)
8 creatures vanquished.

Grand Total: 94 creatures vanquished

Notes
Turn   | Place    | Note
-------+----------+-------------------------------------------
     0 | D:1      | leviel the Hill Orc Fighter began the quest for the Orb.
     0 | D:1      | Reached XP level 1. HP: 19/19 MP: 1/1
   135 | D:1      | Reached XP level 2. HP: 24/27 MP: 2/2
   159 | D:1      | Found a faded altar of an unknown god.
   360 | D:1      | Reached skill level 4 in Fighting
   618 | D:1      | Reached XP level 3. HP: 32/33 MP: 3/3
   974 | D:2      | Noticed a phantom
   990 | D:2      | Killed a phantom
   991 | D:2      | Reached XP level 4. HP: 26/41 MP: 4/4
  1126 | D:2      | Reached XP level 5. HP: 47/47 MP: 5/5
  1824 | D:3      | Found Gejar's Antique Weapon Shoppe.
  2249 | D:3      | Found Demacw's Book Boutique.
  2300 | D:3      | Noticed Robin
  2307 | D:3      | Killed Robin
  2308 | D:3      | Reached skill level 5 in Fighting
  2386 | D:3      | You fall into a shaft and drop 1 floor!
  2441 | D:4      | Noticed Natasha
  2446 | D:4      | Killed Natasha
  2447 | D:4      | Reached XP level 6. HP: 56/56 MP: 6/6
  2484 | D:4      | Found Moustrau's Antique Weapon Shop.
  2721 | D:3      | Found Gyfoathri's Antique Armour Shoppe.
  2737 | D:3      | Noticed an ice beast
  2745 | D:3      | Killed an ice beast
  2746 | D:3      | Reached skill level 5 in Axes
  2896 | D:3      | Found a runed translucent door.
  2897 | D:3      | Noticed Crazy Yiuf
  3086 | D:4      | Found an ancient bone altar of Kikubaaqudgha.
  3433 | D:4      | Reached skill level 5 in Armour
  3433 | D:4      | Reached skill level 5 in Shields
  3433 | D:4      | Reached XP level 7. HP: 61/61 MP: 7/7
  3492 | D:4      | Noticed Natasha
  3497 | D:4      | Killed Natasha
  3846 | D:4      | Noticed Natasha
  3856 | D:4      | Killed Natasha
  3865 | D:5      | Entered Level 5 of the Dungeon
  4150 | D:4      | Reached skill level 6 in Fighting
  4224 | D:4      | Slain by a wight

Illustrated notes

Levels and vault maps discovered:
D:1:      scummos_arrival_forest, layout_basic, ebering_ecumenical_altar_box,
          nrook_campfire
D:2:      layout_loops_ring
D:3:      layout_loops_ring, serial_shops, shop, shop_statue, shop,
          serial_bayou_lagoon_b, uniq_crazy_yiuf_cottage, uniq_robin
D:4:      layout_cave_pods, kiku_gazebo_pond_becter, serial_shops,
          nicolae_stop_n_shop_1, uniq_natasha
D:5:      layout_gridville, zin_angel, uniq_eustachio

Skill      XL: |  1  2  3  4  5  6  7 |
---------------+----------------------+-----
Axes           | 3 4 5 |  5.8
Fighting       | 4 5 6 |  6.0
Armour         | 4 5 |  5.5
Shields        | 4 5 |  5.4

Action                   |  1- 3 |  4- 6 |  7- 9 || total
-------------------------+-------+-------+-------++-------
Melee: War axe           |    74 |   145 |    45 ||   264
  Use: Scroll            |     1 |     8 |       ||     9
       Potion            |       |     3 |       ||     3
Armor: Scale mail        |    38 |    60 |    12 ||   110
Dodge: Dodged            |    36 |    55 |    15 ||   106
Block: Buckler           |    17 |    43 |     9 ||    69

Table legend: (Time is in decaauts)
 A = Elapsed time spent in this place.
 B = Non-inter-level travel time spent in this place.
 C = Inter-level travel time spent in this place.
 D = Time resting spent in this place.
 E = Time spent auto-exploring this place.
 F = Levels seen in this place.
 G = Mean time per level.
                   A        B        C        D        E       F      G
               +--------+--------+--------+--------+--------+-----+--------+
         Total |   4327 |   4144 |    183 |     96 |   3370 |   5 |  865.4 |
       Dungeon |   4327 |   4144 |    183 |     96 |   3370 |   5 |  865.4 |
               +--------+--------+--------+--------+--------+-----+--------+

Top non-repeatable levels by time:
     D:3: 1334 daAuts
     D:4: 1022 daAuts
     D:1: 899 daAuts
     D:2: 780 daAuts
     D:5: 288 daAuts
